 Dungeon Crawl Stone Soup version 0.32-a0-314-g526f7d4993 (webtiles) character file.

Game seed: 3015865638442404728

59 lunkers the Cudgeller (level 3, -1/31 HPs)
             Began as a Mountain Dwarf Monk on Feb 15, 2024.
             Slain by a gnoll
             ... wielding a +0 halberd
              (12 damage)
             ... on level 2 of the Dungeon.
             The game lasted 00:01:40 (886 turns).

lunkers the Cudgeller (Mountain Dwarf Monk)          Turns: 886, Time: 00:01:41

Health: -1/31      AC:  7    Str: 15    XL:     3   Next: 78%
Magic:  3/3        EV: 11    Int: 10    God:
Gold:   53         SH:  0    Dex: 12    Spells: 2/2 levels left

rFire   . . .        a - +0 mace
rCold   . . .        d - orb {light}
rNeg    . . .        l - +0 ring mail
rPois   .            h - +0 helmet
rElec   .            (no cloak)
rCorr   .            k - +0 pair of gloves
SInv    .            (no boots)
Will    .....        (no amulet)
Stlth   +            (no ring)
HPRegen 0.25/turn    (no ring)
MPRegen 0.08/turn

%: no passive effects
@: glowing
A: runic magic, artefact enchanting
a: no special abilities


You were on level 2 of the Dungeon.
You visited 1 branch of the dungeon, and saw 2 of its levels.

You collected 53 gold pieces.

Inventory:

Hand Weapons
 a - a +0 mace (weapon)
Armour
 d - an orb of light (worn)
 h - a +0 helmet (worn)
 k - a +0 pair of gloves (worn)
 l - a +0 ring mail (worn)
Jewellery
 b - a +4 ring of protection
Scrolls
 e - 3 scrolls of brand weapon {unknown}
 f - 6 scrolls of identify {unknown}
 i - a scroll of vulnerability {unknown}
Potions
 c - 2 potions of ambrosia
 g - a potion of mutation {unknown}
 j - a potion of curing {unknown}


   Skills:
 - Level 3.2 Fighting
 * Level 5.8 Maces & Flails
 - Level 2.1 Dodging


You had 2 spell levels left.
You didn't know any spells.
Your spell library was empty.

Dungeon Overview and Level Annotations

Branches:
Dungeon (2/15)

Altars:


Innate Abilities, Weirdness & Mutations

Your spellcasting is much less encumbered by armour.
You can use scrolls of enchantment on lesser artefacts.


Message History

A gnoll is nearby!
A gnoll is nearby!
A gnoll comes into view. It is wielding a +0 spear.
The gnoll shouts!
You hear a shout!
A gnoll comes into view. It is wielding a +0 halberd.
The gnoll shouts!
The gnoll hits you with a +0 spear.
You hit the gnoll but do no damage. The gnoll hits you with a +0 spear.
You hit the gnoll.
The gnoll is moderately wounded.
The gnoll barely misses you. x2
You hit the gnoll.
The gnoll is almost dead.
The gnoll hits you but does no damage. The gnoll closely misses you.
You completely miss the gnoll.
The gnoll is almost dead.
The gnoll hits you from afar with a +0 spear.
The gnoll hits you with a +0 spear.
You hit the gnoll.
You kill the gnoll!
The gnoll completely misses you.
The gnoll hits you from afar with a +0 halberd!
* * * LOW HITPOINT WARNING * * *
The gnoll closely misses you.
Things that are here:
a +0 spear; a gnoll corpse Unknown command.
Okay, then.
You hit the gnoll but do no damage.
The gnoll hits you from afar with a +0 halberd.
* * * LOW HITPOINT WARNING * * *
The gnoll hits you but does no damage.
You hit the gnoll but do no damage. The gnoll closely misses you.
The gnoll completely misses you.
Unknown command.
You hit the gnoll.
The gnoll is lightly wounded.
The gnoll barely misses you. The gnoll hits you but does no damage.
The gnoll hits you from afar with a +0 halberd!
You die...

........########.#
#######.......##.###
#.###........####
#.# #.#..........
#.# #.#.#...#### #..
..#.##.##
#.#####.##.# #.#
#.##.# #.. ..##@#
####g# #g# #.# #.#
... ... ...


You could see 2 gnolls.

Vanquished Creatures
  A gnoll (D:2)
  A ribbon worm (D:2)
  3 endoplasms (D:1)
  A hobgoblin (D:2)
  4 jackals (D:1)
  2 quokkas (D:2)
  6 ball pythons
  3 goblins
  2 kobolds
  4 rats (D:1)
27 creatures vanquished.

Notes
Turn   | Place    | Note
-------+----------+-------------------------------------------
     0 | D:1      | lunkers the Mountain Dwarf Monk began the quest for the
                  | Orb.
     0 | D:1      | Reached XP level 1. HP: 19/19 MP: 1/1
    30 | D:1      | Reached skill level 4 in Maces & Flails
    33 | D:1      | Reached XP level 2. HP: 11/26 MP: 2/2
   407 | D:1      | Reached skill level 5 in Maces & Flails
   505 | D:1      | Reached XP level 3. HP: 31/31 MP: 3/3
   886 | D:2      | Slain by a gnoll

Illustrated notes

Levels and vault maps discovered:
D:1:      dpeg_arrival_windows_large_door, layout_rooms, grunt_decor_fettered,
          minmay_nonomino_d4
D:2:      layout_loops_corners

Skill      XL: |  1  2 |
---------------+-------+-----
Maces & Flails | 4 5 |  5.8
Fighting       | |  3.2
Dodging        | |  2.1

Action                     || total
---------------------------++-------
  Melee: Mace              ||    69
 Armour: Robe              ||    23
         Ring mail         ||    22
  Dodge: Dodged            ||    61

Table legend: (Time is in decaauts)
 A = Elapsed time spent in this place.
 B = Non-inter-level travel time spent in this place.
 C = Inter-level travel time spent in this place.
 D = Time resting spent in this place.
 E = Time spent auto-exploring this place.
 F = Levels seen in this place.
 G = Mean time per level.
                   A        B        C        D        E       F      G
               +--------+--------+--------+--------+--------+-----+--------+
         Total |    896 |    854 |     42 |      0 |    658 |   2 |  448.0 |
       Dungeon |    896 |    854 |     42 |      0 |    658 |   2 |  448.0 |
               +--------+--------+--------+--------+--------+-----+--------+

Top non-repeatable levels by time:
     D:1: 761 daAuts
     D:2: 134 daAuts
